 Dungeon Crawl Stone Soup version 0.24-a0-537-g2d01d4ab0a (webtiles) character file.

Game seed: 12010416195828548900

44585 Napalmbreeze the Thaumaturge (level 13, -4/103 HPs)
             Began as a White Draconian Wizard on Aug 15, 2019.
             Was a High Priest of Hepliaklqana.
             Shot with an arrow by a centaur warrior (7 damage)
             ... while petrified by Jorgrun
             ... on level 13 of the Dungeon.
             The game lasted 01:57:29 (24424 turns).

Napalmbreeze the Thaumaturge (DrWz)                Turns: 24424, Time: 01:57:29

Health: -4/103     AC: 15    Str: 11    XL:     13   Next: 97%
Magic:  22/29      EV: -1    Int: 28    God:    Hepliaklqana [*****.]
Gold:   889        SH:  0    Dex:  9    Spells: 19/36 levels left

rFire    . . .     SeeInvis +   j - +3 spear (freeze)
rCold    + . .     Gourm    .   e - +2 buckler
rNeg     + + +     Faith    .   (armour unavailable)
rPois    ∞         Spirit   .   w - +2 hat {SInv}
rElec    .         Reflect  .   G - +2 cloak of the Bells {rN+ Int+5}
rCorr    .         Harm     .   D - +0 pair of gloves
MR       .....                  J - +0 pair of boots
Stlth    ++........             L - amulet of magic regeneration
HPRegen  0.27/turn              o - ring of positive energy
MPRegen  0.46/turn              O - ring of wizardry

@: petrified, grasped by roots, constricted
A: breathe frost, unfitting armour, reduced essence, cold resistance 1,
cold-blooded, AC +8
a: Breathe Frost, Recall Ancestor, Ancestor Identity, Transference, Idealise,
Renounce Religion


You were on level 13 of the Dungeon.
You worshipped Hepliaklqana.
Hepliaklqana was extremely pleased with you.
You were not hungry.

You visited 3 branches of the dungeon, and saw 20 of its levels.

You collected 1221 gold pieces.
You spent 332 gold pieces at shops.

Inventory:

Hand Weapons
 j - a +3 spear of freezing (weapon)
 x - the +5 great sword "Ajip" {venom, rElec rF+ Dex+3}
   (You found it on level 9 of the Dungeon)

   It poisons the flesh of those it strikes.
   It affects your dexterity (+3).
   It protects you from fire.
   It insulates you from electricity.
 H - a +0 halberd
Armour
 e - a +2 buckler (worn)
 w - a +2 hat of see invisible (worn)
 D - a +0 pair of gloves (worn)
 E - a scarf of cloud immunity
 G - the +2 cloak of the Bells (worn) {rN+ Int+5}
   (You bought it in a shop on level 6 of the Dungeon)

   It affects your intelligence (+5).
   It protects you from negative energy.
 J - a +0 pair of boots (worn)
Magical Staves
 K - an uncursed staff of wizardry
Jewellery
 o - a ring of positive energy (left hand)
 F - an uncursed ring of fire
 L - an amulet of magic regeneration (around neck)
 O - a ring of wizardry (right hand)
Wands
 k - a wand of iceblast (6)
 v - a wand of paralysis (9)
 y - a wand of scattershot (5)
 M - a wand of flame (23)
 N - a wand of acid (3)
Scrolls
 a - 3 scrolls of fog
 d - 6 scrolls of remove curse
 h - 3 scrolls of fear
 i - 4 scrolls of identify
 m - a scroll of holy word {unknown}
 P - a scroll of brand weapon
Potions
 b - a potion of agility
 g - a potion of ambrosia
 l - 2 potions of cancellation
 n - 3 potions of resistance
 p - 4 potions of flight
 r - 3 potions of curing
 z - 2 potions of brilliance
 A - 2 potions of haste
 B - a potion of magic
 C - 3 potions of lignification
 I - a potion of heal wounds
Miscellaneous
 S - a phantom mirror
Comestibles
 c - 41 rations


   Skills:
 + Level 10.9 Fighting
 - Level 10.0 Polearms
 - Level 4.1 Dodging
 - Level 1.7 Stealth
 - Level 4.0 Shields
 - Level 12.0 Spellcasting
 - Level 8.0 Conjurations
 - Level 5.0 Hexes
 - Level 5.2 Summonings
 - Level 1.0 Translocations
 - Level 8.0 Ice Magic
 + Level 7.0 Evocations


You had 19 spell levels left.
You knew the following spells:

 Your Spells              Type           Power        Failure   Level  Hunger
a - Magic Dart            Conj           ####         1%          1    None
b - Blink                 Tloc           N/A          1%          2    None
c - Throw Icicle          Conj/Ice       ######..     1%          4    None
d - Tukima's Dance        Hex            #####...     1%          3    None
q - Summon Ice Beast      Ice/Summ       ######..     1%          4    None
x - Dazzling Spray        Conj/Hex       ######       1%          3    None

Your spell library contained the following spells:

 Spells                   Type           Power        Failure   Level  Hunger
 Corona                   Hex            #####..      1%          1    None
 Freeze                   Ice            ####         1%          1    None
 Call Imp                 Summ           #####...     1%          2    None
 Ensorcelled Hibernation  Hex/Ice        ######       1%          2    None
 Slow                     Hex            #####...     1%          2    None
 Throw Frost              Conj/Ice       ######       1%          2    None
 Confuse                  Hex            #####...     1%          3    None
 Conjure Flame            Conj/Fire      #####...     1%          3    None
 Mephitic Cloud           Conj/Pois/Air  ####....     1%          3    None
 Ozocubu's Armour         Chrm/Ice       #####...     1%          3    None


Dungeon Overview and Level Annotations

Branches:
Dungeon (13/15)            Temple (1/1) D:4            Lair (6/6) D:9
  Swamp (0/4) Lair:4       Spider (0/4) Lair:4        Slime (0/5) Lair:5
    Orc (0/2) D:11
 Vaults: D:13-14

Altars:
Ashenzari
Cheibriados
Dithmenos
Elyvilon
Fedhas
Gozag
Hepliaklqana
Kikubaaqudgha
Makhleb
Nemelex Xobeh
Okawaru
Qazlal
Ru
Sif Muna
Trog
Uskayaw
Vehumet
Wu Jian
Xom
Yredelemnul
Zin
The Shining One
Jiyva

Shops:
D:6 [

Annotations:
D:5 3 runed translucent doors, Richi's ghost, novice OgFi
D:13 Jorgrun


Innate Abilities, Weirdness & Mutations

You can breathe waves of freezing cold.
You can buffet flying creatures when you breathe cold.
Your icy white scales are hard. (AC +8)
You cannot fit into any form of body armour.
Your flesh is cold resistant. (rC+)
You are cold-blooded and may be slowed by cold attacks.
Your life essence is reduced to manifest your ancestor. (-10% HP)


Message History

Your ice beast misses Jorgrun.
The centaur warrior shoots an arrow.
The arrow completely misses your ice beast.
The arrow hits you!
* * * LOW HITPOINT WARNING * * *
Yalto closely misses Jorgrun.
Jorgrun casts a spell at you.
Roots burst forth from the earth!
The grasping roots grab you!
* * * LOW HITPOINT WARNING * * *
The grasping roots constrict you!
The centaur warrior shoots an arrow.
The arrow hits your ice beast.
Your ice beast barely misses Jorgrun.
Yalto hits Jorgrun but does no damage.
The centaur warrior shoots an arrow.
The arrow hits your ice beast!
Your ice beast dies!
Jorgrun says, "A few more walls knocked out 'ere an' thar an' 'tis whole place will come crashin' down."
Jorgrun completely misses you.
* * * LOW HITPOINT WARNING * * *
The grasping roots constrict you!
The centaur warrior shoots an arrow.
The arrow hits you!
You die...

#######.#...###.........# #)####
........##.## ##..##.##.# #..#..
##########.# #..##.##.#####.###
..# #.# #..##.##†##......# #.#
##'## #........##......# #.#
##...## #.####.#.##......# #.#
##.....###.# ##.#.##......# ..##
##.......##.###..#.##......#
...###......((.#@.......#########
.#...'.....((.Rg(.....^.....†....
...###....((..........#.#######.#
..## ##.......#.#..#####. #.. ###
##.....#.#.#.# . ###
##...#.#.##.# .# # ##(### ## #.
## . ........# #c .# .######.# ..
...


You could see the friendly Yalto the knight, Jorgrun and a centaur warrior.

Vanquished Creatures
  Nessos (D:13)
  A hydra (Lair:3)
  A two-headed ogre (D:13)
  Nergalle (Lair:2)
  An unseen horror (D:12)
  An ugly thing (D:13)
  A cyclops (D:10)
  A black mamba (Lair:5)
  5 spiny frogs
  2 komodo dragons (Lair:6)
  A centaur skeleton (D:10)
  2 polar bears (Lair:6)
  3 meliai (D:13)
  A queen bee (D:13)
  A dream sheep (Lair:6)
  3 hornets
  2 hippogriffs
  3 blink frogs
  4 spriggans (Lair:6)
  A water elemental (D:12)
  9 yaks
  A vampire mosquito (D:13)
  2 water moccasins
  3 orc warriors
  2 soldier ants
  2 porcupines
  An ice beast (D:6)
  A sky beast (D:6)
  A phantom (D:7)
  4 necrophages
  An ogre (D:8)
  A boggart (Lair:6)
  13 wolves
  A centaur (D:10)
  3 crocodiles
  A big kobold (D:12)
  2 bullfrogs (Lair:2)
  2 scorpions
  13 killer bees
  8 electric eels
  A howler monkey (D:6)
  5 orc priests
  5 orc wizards
  4 hell rats (Lair:6)
  A worker ant (D:8)
  A howler monkey zombie (D:7)
  A howler monkey skeleton (D:4)
  2 adders
  An adder skeleton (D:4)
  2 worms
  2 dart slugs
  A leopard gecko (D:1)
  8 orcs
  5 giant cockroaches
  10 goblins
  3 hobgoblins
  7 jackals
  5 quokkas
  3 ball pythons (D:2)
  2 bats
  2 frilled lizards
  9 kobolds
  5 rats
  3 fungi (Lair:6)
195 creatures vanquished.

Vanquished Creatures (collateral kills)
  Gastronok (D:9)
  The ghost of Majang the Impaler, a journeyman MfGl of Makhleb (Lair:3)
  The ghost of kroki the Blocker, a journeyman GnFi of Gozag (Lair:1)
  10 hydras
  A catoblepas (Lair:3)
  Erica (D:10)
  2 two-headed ogres
  Urug (Lair:6)
  Sonja (Lair:5)
  An unseen horror (D:10)
  A swamp dragon (Lair:4)
  A manticore (D:11)
  2 ugly things
  Maurice (D:10)
  Joseph (Lair:1)
  3 spiny frogs
  8 komodo dragons
  7 trolls
  4 hornets
  A polar bear (Lair:6)
  11 blink frogs
  2 dream sheep (Lair:6)
  6 hippogriffs
  9 spriggans
  A wraith (D:13)
  A wyvern (D:11)
  27 yaks
  2 basilisks (Lair:4)
  5 vampire mosquitoes (D:13)
  Grum (D:10)
  5 water moccasins
  5 porcupines
  4 black bears (Lair:6)
  2 eyes of draining
  4 necrophages
  3 boggarts (Lair:6)
  5 ogres
  33 wolves
  4 centaurs
  13 crocodiles
  A big kobold (D:8)
  11 bullfrogs
  5 scorpions
  A water moccasin skeleton (D:7)
  21 killer bees
  6 wights
  7 electric eels
  5 howler monkeys (D:7)
  5 crimson imps
  A centaur zombie (D:5)
  2 bullfrog zombies (D:8)
  9 hounds
  A lava snake (D:12)
  3 quasits
  A jelly (D:13)
  9 orc priests
  4 iguanas
  11 orc wizards
  4 bullfrog skeletons
  Ijyb (D:3)
  3 hell rats (Lair:6)
  6 worker ants
  7 adders
  3 shadow imps
  3 oozes
  2 adder skeletons (D:4)
  7 worms
  3 leopard geckos
  24 orcs
  3 giant cockroaches (D:5)
  A hobgoblin (D:3)
  7 jackals
  A quokka (D:6)
  A ball python (D:5)
  5 kobolds
  A leopard gecko skeleton (D:4)
  2 rats (D:2)
  6 fungi
  3 plants
388 creatures vanquished.

Vanquished Creatures (others)
  2 dancing weapons
  10 knights
  12 ancestors
  A kobold (D:10)
  A fire vortex (D:12)
  4 fungi
  12 plants
42 creatures vanquished.

Grand Total: 625 creatures vanquished

Notes
Turn   | Place    | Note
-------+----------+-------------------------------------------
     0 | D:1      | Napalmbreeze the Draconian Wizard began the quest for the
                  | Orb.
     0 | D:1      | Reached XP level 1. HP: 14/14 MP: 4/4
   468 | D:1      | Reached XP level 2. HP: 22/22 MP: 3/6
   602 | D:1      | You fall into a shaft and drop 1 floor!
   940 | D:2      | Learned a level 2 spell: Call Imp
   943 | D:2      | Learned a level 2 spell: Blink
  1031 | D:1      | Reached skill level 1 in Fighting
  1616 | D:2      | Found a snail-covered altar of Cheibriados.
  1662 | D:2      | Reached XP level 3. HP: 25/28 MP: 1/8
  2143 | D:2      | Found a stormy altar of Qazlal.
  2147 | D:2      | Found a blossoming altar of Fedhas.
  2553 | D:2      | Found an ancient bone altar of Kikubaaqudgha.
  2842 | D:3      | Reached XP level 4. HP: 35/36 MP: 4/9
  2978 | D:3      | Reached skill level 4 in Spellcasting
  3383 | D:3      | Noticed Ijyb
  3411 | D:3      | Killed Ijyb
  3635 | D:3      | Reached XP level 5. HP: 41/41 MP: 5/11
  3797 | D:3      | Found a sacrificial altar of Ru.
  5043 | D:4      | Learned a level 3 spell: Dazzling Spray
  5055 | D:4      | Reached XP level 6. HP: 48/48 MP: 8/13
  5107 | D:4      | Reached skill level 5 in Spellcasting
  5568 | D:4      | Reached skill level 1 in Hexes
  5631 | D:4      | Found a shadowy altar of Dithmenos.
  5734 | D:4      | Found a staircase to the Ecumenical Temple.
  5745 | Temple   | Entered the Ecumenical Temple
  5765 | Temple   | Became a worshipper of Hepliaklqana the Forgotten
  5791 | D:5      | Entered Level 5 of the Dungeon
  5897 | D:5      | Your scales start taking on an icy white colour.
  5897 | D:5      | Reached XP level 7. HP: 38/49 MP: 2/14
  5897 | D:5      | Gained mutation: Your flesh is cold resistant. (rC+) [White
                  | Draconian growth]
  6019 | D:5      | Found a runed translucent gate.
  6019 | D:5      | Found a runed translucent gate.
  6021 | D:5      | Found a runed translucent gate.
  6022 | D:5      | Noticed Richi's ghost (novice OgFi)
  6477 | D:5      | Learned a level 3 spell: Tukima's Dance
  6509 | D:5      | Found a shimmering altar of Xom.
  7091 | D:6      | Reached XP level 8. HP: 60/60 MP: 15/15
  7197 | D:6      | Reached skill level 5 in Fighting
  7480 | D:6      | Found Hitifil's Antique Armour Shop.
  7621 | D:6      | Reached * piety under Hepliaklqana
  8645 | D:7      | Reached skill level 6 in Spellcasting
  8719 | D:7      | Reached skill level 5 in Conjurations
  8993 | D:8      | Noticed a kobold demonologist
  9032 | D:8      | Reached skill level 7 in Spellcasting
  9032 | D:8      | Reached XP level 9. HP: 64/66 MP: 13/19
  9521 | D:8      | Identified the cursed +0 trident of Tiunesk {venom, rPois
                  | rF- MR+}
  9979 | D:8      | Found a transporter.
 10256 | D:6      | Bought a transparent cloak for 332 gold pieces
 10266 | D:6      | Identified the +2 cloak of the Bells {rN+ Int+5} (You
                  | bought it in a shop on level 6 of the Dungeon)
 10436 | D:8      | Reached skill level 5 in Hexes
 10463 | D:8      | Reached skill level 8 in Spellcasting
 10617 | D:8      | Learned a level 4 spell: Summon Ice Beast
 10623 | D:8      | Reached ** piety under Hepliaklqana
 10684 | D:8      | Found a transporter.
 10687 | D:8      | Noticed a kobold demonologist
 10740 | D:8      | Noticed a soul eater
 10755 | D:8      | Noticed an ice devil
 10778 | D:8      | Reached skill level 1 in Ice Magic
 11210 | D:9      | Got a smoking great sword
 11211 | D:9      | Identified the +5 great sword "Ajip" {venom, rElec rF+
                  | Dex+3} (You found it on level 9 of the Dungeon)
 11293 | D:9      | Noticed a troll
 11299 | D:9      | Killed a troll
 11386 | D:9      | Reached XP level 10. HP: 37/72 MP: 5/22
 11550 | D:9      | Found a shimmering blue altar of Sif Muna.
 11617 | D:9      | Found a staircase to the Lair.
 11717 | D:9      | Noticed a cyclops
 11728 | D:9      | Found a radiant altar of Vehumet.
 12055 | D:9      | Noticed Gastronok
 12081 | D:9      | Killed Gastronok
 12409 | D:9      | Remembered your ancestor Yalto as a knight
 12431 | D:10     | Entered Level 10 of the Dungeon
 12437 | D:10     | Reached skill level 5 in Ice Magic
 12498 | D:10     | Reached skill level 9 in Spellcasting
 12555 | D:10     | Noticed a red ugly thing
 12616 | D:10     | Noticed Maurice
 12621 | D:10     | Killed Maurice
 12621 | D:10     | Reached skill level 5 in Summonings
 12831 | D:10     | Killed a red ugly thing
 13134 | D:10     | Killed a cyclops
 13373 | D:10     | Noticed an unseen horror
 13559 | D:10     | Noticed Erica
 13563 | D:10     | Noticed Grum
 13604 | D:10     | Killed Grum
 13737 | D:10     | Reached skill level 10 in Spellcasting
 13737 | D:10     | Reached XP level 11. HP: 83/83 MP: 21/25
 13763 | D:10     | Reached *** piety under Hepliaklqana
 13860 | D:10     | Found a shadowy altar of Dithmenos.
 13888 | D:10     | Killed an unseen horror
 13920 | D:10     | Killed Erica
 13920 | D:10     | Reached skill level 1 in Polearms
 13998 | D:11     | Noticed a two-headed ogre
 14011 | D:11     | Killed a two-headed ogre
 14107 | D:11     | Noticed an eight-headed hydra
 14115 | D:11     | Killed an eight-headed hydra
 14294 | D:11     | Found a staircase to the Orcish Mines.
 14780 | Lair:1   | Entered Level 1 of the Lair of Beasts
 15114 | Lair:1   | Noticed Joseph
 15126 | Lair:1   | Killed Joseph
 15306 | Lair:1   | Found a runed translucent gate.
 15306 | Lair:1   | Found a runed translucent gate.
 15309 | Lair:1   | Found a runed translucent gate.
 15311 | Lair:1   | Noticed kroki's ghost (journeyman GnFi)
 15313 | Lair:1   | Noticed an 11-headed hydra
 15524 | Lair:1   | Reached **** piety under Hepliaklqana
 15739 | Lair:1   | Killed an 11-headed hydra
 15755 | Lair:1   | Killed kroki's ghost
 15755 | Lair:1   | Reached skill level 10 in Fighting
 15808 | Lair:2   | Reached skill level 5 in Polearms
 16461 | Lair:2   | Noticed a six-headed hydra
 16470 | Lair:2   | Killed a six-headed hydra
 16510 | Lair:2   | Noticed Nergalle
 16525 | Lair:2   | Killed Nergalle
 16525 | Lair:2   | Reached XP level 12. HP: 66/94 MP: 19/26
 17091 | Lair:3   | Noticed a catoblepas
 17101 | Lair:3   | Killed a catoblepas
 17346 | Lair:3   | Found a runed translucent door.
 17346 | Lair:3   | Noticed a seven-headed hydra
 17346 | Lair:3   | Noticed Majang's ghost (journeyman MfGl)
 17420 | Lair:3   | Learned a level 4 spell: Throw Icicle
 17468 | Lair:3   | Reached ***** piety under Hepliaklqana
 17957 | Lair:3   | Killed an eight-headed hydra
 17976 | Lair:3   | Killed Majang's ghost
 18426 | Lair:4   | Found a hole to the Spider Nest.
 18561 | Lair:4   | Found a staircase to the Swamp.
 18566 | Lair:4   | Reached skill level 10 in Polearms
 19096 | Lair:5   | Found a staircase to the Slime Pits.
 19096 | Lair:5   | Found a viscous altar of Jiyva.
 19112 | Lair:5   | Reached skill level 1 in Evocations
 19827 | Lair:5   | Noticed Sonja
 19839 | Lair:5   | Killed Sonja
 20144 | Lair:6   | Entered Level 6 of the Lair of Beasts
 20144 | Lair:6   | Noticed Urug
 20352 | Lair:6   | Noticed a six-headed hydra
 20365 | Lair:6   | Killed an eight-headed hydra
 20365 | Lair:6   | Reached skill level 11 in Spellcasting
 20676 | Lair:6   | Noticed a five-headed hydra
 20686 | Lair:6   | Killed a six-headed hydra
 20686 | Lair:6   | Reached XP level 13. HP: 100/100 MP: 15/28
 20697 | Lair:6   | Killed Urug
 21355 | Lair:6   | Reached skill level 5 in Evocations
 21468 | Lair:6   | Reached skill level 12 in Spellcasting
 22589 | D:12     | Reached skill level 1 in Shields
 23393 | D:13     | Found a shimmering blue altar of Sif Muna.
 24382 | D:13     | Noticed Jorgrun
 24383 | D:13     | Noticed Nessos
 24416 | D:13     | Killed Nessos
 24423 | D:13     | HP: 3/103 [Jorgrun/uncursed staff of earth (8)]
 24424 | D:13     | Shot with an arrow by a centaur warrior

Levels and vault maps discovered:
D:1:      matt_arrival_diagonals, layout_loops_corners, hangedman_decor_points
D:2:      layout_loops_ring, overflow_temple_1_default,
          grunt_temple_overflow_forces_of_nature, grunt_decor_mini_mirrors,
          minmay_liquid_box, cheibriados_altar_1
D:3:      layout_basic, nicolae_ru_great_annihilating_truth, uniq_ijyb
D:4:      cheibrodos_old_hovel, layout_rooms,
          nicolae_dithmenos_through_a_glass_darkly, minmay_temple_entry_poolview
D:5:      layout_rooms, kennysheep_little_box, first_ration,
          gammafunk_ghost_split
D:6:      layout_basic, serial_shops, kennysheep_mini,
          hangedman_abyss_or_decor_slice, kennysheep_doodads
D:7:      layout_loops_cross
D:8:      gammafunk_wand_slinger, layout_rooms, serial_undead, serial_undead_c,
          serial_undead_d, serial_undead_d, serial_undead_b
D:9:      layout_gridville, old_standard_altar, erik_lair_island, basic_altar,
          uniq_gastronok
D:10:     layout_loops_ring, enter_bailey_6, basic_altar, hangedman_stone_soup,
          st_stairs_14, uniq_erica, uniq_grum, uniq_maurice
D:11:     layout_loops_ring, david_orc_3
D:12:     layout_basic, minmay_misc_feat_columns, kennysheep_nondescript
D:13:     minmay_textured_paths, layout_loops_corners, basic_altar, special_room
          [special_room_bee], uniq_nessos, uniq_jorgrun
Temple:   nicolae_temple_no_exploring_needed
Lair:1:   layout_concentric_octagons, gammafunk_ghost_hydra_chop,
          chequers_serial_rivers_small_a, chequers_serial_rivers_small_a,
          serial_bayou_shore_a, uniq_joseph
Lair:2:   layout_cave_pods, gauntlet_entry_generic, uniq_nergalle
Lair:3:   layout_roguey, ebering_ghost_inner_flame, grunt_megastairs_2
Lair:4:   layout_long_grid, minmay_swamp_entry_reptiles, dummy_spider_entry,
          serial_bayou, serial_bayou_pond_c, serial_bayou_pond_a,
          serial_bayou_pond_e, serial_bayou_lagoon_b, serial_bayou_lagoon_a
Lair:5:   layout_long_grid, slime_altar_1, beast_lair_carwin_10, uniq_sonja
Lair:6:   minmay_lair_end_enchanted_forest, layout_gridlike, uniq_urug

Skill      XL: |  1  2  3  4  5  6  7  8  9 10 11 12 13 |
---------------+----------------------------------------+-----
Fighting       | 1 2 4 6 7 10 | 10.9
Conjurations   | 2 3 5 6 7 8 |  8.0
Spellcasting   | 4 5 7 8 10 11 12 | 12.0
Summonings     | 2 3 5 |  5.2
Hexes          | 2 4 5 |  5.0
Ice Magic      | 3 6 8 |  8.0
Polearms       | 6 10 | 10.0
Evocations     | 3 7 |  7.0
Dodging        | 4 |  4.1
Shields        | 4 |  4.0
Stealth        | |  1.7
Translocations | |  1.0

Action                   |  1- 3 |  4- 6 |  7- 9 | 10-12 | 13-15 || total
-------------------------+-------+-------+-------+-------+-------++-------
Melee: Unarmed           |     2 |       |       |       |       ||     2
       Dagger            |    30 |    82 |       |       |       ||   112
       Tailslap          |     2 |    12 |    19 |    14 |    21 ||    68
       Spear             |       |    56 |   277 |       |   173 ||   506
       Halberd           |       |       |    66 |   310 |   166 ||   542
       Staff             |       |       |     8 |     1 |       ||     9
       Great sword       |       |       |       |    19 |     4 ||    23
Throw: Dart              |    23 |    11 |       |       |       ||    34
 Cast: Magic Dart        |    66 |    86 |    32 |    15 |     3 ||   202
       Call Imp          |    15 |    40 |    68 |       |       ||   123
       Blink             |     1 |       |       |       |       ||     1
       Dazzling Spray    |       |     3 |    13 |     1 |       ||    17
       Tukima's Dance    |       |       |    14 |     2 |     6 ||    22
       Summon Ice Beast  |       |       |    15 |   191 |    70 ||   276
       Throw Icicle      |       |       |       |    21 |    45 ||    66
Invok: Ancestor Identity |       |     1 |       |       |       ||     1
       Ancestor Life: Kn |       |       |       |     1 |       ||     1
       Recall Ancestor   |       |       |       |     1 |       ||     1
 Abil: Breathe Frost     |       |       |     4 |     1 |       ||     5
Evoke: Wand              |       |       |     3 |     2 |    11 ||    16
  Use: Potion            |       |     1 |     2 |     1 |     6 ||    10
       Scroll            |       |     2 |    14 |     2 |    11 ||    29
 Stab: Invisible         |       |     1 |       |       |       ||     1
       Distracted        |       |       |     5 |     2 |     4 ||    11
       Paralysed         |       |       |     3 |       |       ||     3
       Sleeping          |       |       |     1 |     2 |       ||     3
  Eat: Chunk             |     6 |    10 |    21 |    20 |    12 ||    69
       Ration            |       |       |       |     3 |       ||     3
Armor: Skin              |    18 |    55 |   136 |    93 |    70 ||   372
Dodge: Dodged            |    43 |    77 |   209 |   167 |   110 ||   606
Block: Buckler           |       |       |       |       |    30 ||    30
       Rpst.: Great sword |       |       |       |     5 |     1 ||     6

Table legend:
 A = Non-vault XP
 B = Vault XP
 C = Vault XP percentage of total XP
 D = Non-vault monster count
 E = Vault monster count
 F = Vault count percentage of total count
                 A         B        C        D         E       F
            +---------+---------+-------+---------+---------+-------
      Total |   41805 |   21889 |  34.4 |     431 |     140 |  24.5
            +---------+---------+-------+---------+---------+-------
        D:1 |      17 |       0 |   0.0 |      12 |       0 |   0.0
        D:2 |      72 |       0 |   0.0 |      26 |       0 |   0.0
        D:3 |     196 |      55 |  21.9 |      34 |       5 |  12.8
        D:4 |     156 |       0 |   0.0 |      21 |       0 |   0.0
        D:5 |     441 |       0 |   0.0 |      18 |       0 |   0.0
        D:6 |     815 |       0 |   0.0 |      17 |       0 |   0.0
        D:7 |     920 |       0 |   0.0 |      17 |       0 |   0.0
        D:8 |    1401 |     809 |  36.6 |      40 |      12 |  23.1
        D:9 |     241 |    1780 |  88.1 |       6 |      10 |  62.5
       D:10 |    3907 |    1546 |  28.4 |      27 |       9 |  25.0
       D:11 |    3633 |      65 |   1.8 |      33 |       4 |  10.8
       D:12 |    3549 |      61 |   1.7 |      28 |       1 |   3.4
       D:13 |    4625 |    3835 |  45.3 |      23 |      26 |  53.1
     Lair:1 |    1013 |    1487 |  59.5 |       7 |       3 |  30.0
     Lair:2 |    3988 |     410 |   9.3 |      25 |       1 |   3.8
     Lair:3 |    2303 |    1588 |  40.8 |      11 |       5 |  31.2
     Lair:4 |    2257 |     519 |  18.7 |      19 |       4 |  17.4
     Lair:5 |    3467 |    2391 |  40.8 |      25 |      10 |  28.6
     Lair:6 |    8804 |    7343 |  45.5 |      42 |      50 |  54.3
            +---------+---------+-------+---------+---------+-------
